 Dungeon Crawl Stone Soup version 0.21-a0-329-g12f17e1 (webtiles) character file.

79 vishdafish the Charmwright (level 4, -1/34 HPs)
             Began as a Demonspawn Skald on Oct 1, 2017.
             Killed from afar by Ijyb (16 damage)
             ... with a wand of lightning (?/15)
             ... on level 3 of the Dungeon.
             The game lasted 00:03:02 (2295 turns).

vishdafish the Charmwright (Demonspawn Skald)       Turns: 2295, Time: 00:03:03

Health: -1/34      AC:  3    Str: 11    XL:     4   Next: 16%
Magic:  0/7        EV: 12    Int: 16    God:
Gold:   133        SH:  0    Dex: 12    Spells: 6/7 levels left

rFire    . . .     SeeInvis .   a - +0 spear
rCold    . . .     Gourm    .   (no shield)
rNeg     . . .     Faith    .   b - +0 leather armour
rPois    .         Spirit   +   (no helmet)
rElec    .         Reflect  .   (no cloak)
rCorr    .         Harm     .   (no gloves)
MR       .....                  (no boots)
Stlth    +.........             h - amulet of guardian spirit
HPRegen  0.11/turn              (no ring)
MPRegen  0.10/turn              (no ring)

@: infused (expiring)
A: sturdy frame 1
a: no special abilities


You were on level 3 of the Dungeon.
You were hungry.

You visited 1 branch of the dungeon, and saw 3 of its levels.

You collected 133 gold pieces.

Inventory:

Hand Weapons
 a - a +0 spear (weapon)
Armour
 b - a +0 leather armour (worn)
Jewellery
 h - an amulet of guardian spirit (around neck)
Scrolls
 e - 3 scrolls of remove curse {unknown}
 f - 2 scrolls of identify {unknown}
 g - a scroll of immolation {unknown}
 j - 2 scrolls of fear {unknown}
 p - 2 scrolls of recharging {unknown}
 r - a scroll of teleportation {unknown}
 s - a scroll of enchant armour {unknown}
 t - a scroll of fog {unknown}
 u - a scroll of amnesia {unknown}
Potions
 i - 2 potions of flight {unknown}
 k - a potion of might {unknown}
 l - a potion of heal wounds {unknown}
 m - a potion of lignification {unknown}
 o - a potion of agility {unknown}
 q - 2 potions of curing {unknown}
 v - a potion of magic {unknown}
Books
 c - a book of Battle

   Spells                             Type                      Level
   a - Infusion                       Charms                       1
   b - Shroud of Golubria             Charms/Translocation         2
   c - Song of Slaying                Charms                       2
   d - Spectral Weapon                Hexes/Charms                 3
   e - Regeneration                   Charms/Necromancy            3
Comestibles
 d - 2 bread rations
 w - a meat ration


   Skills:
 + Level 2.5 Fighting
 * Level 2.7 Polearms
 - Level 1.0 Armour
 + Level 2.3 Dodging
 - Level 2.2 Spellcasting
 - Level 3.1 Charms


You had 6 spell levels left.
You knew the following spells:

 Your Spells              Type           Power        Failure   Level  Hunger
a - Infusion              Chrm           ##..         6%          1    #......


Dungeon Overview and Level Annotations

Branches:
Dungeon (3/15)

Altars:

Annotations:
D:3 Ijyb


Innate Abilities, Weirdness & Mutations

Your movements are slightly less encumbered by armour. (ER -2)


Message History

Ijyb hits you.
You hit Ijyb.
Ijyb is heavily wounded.
Ijyb closely misses you.
You barely miss Ijyb.
Ijyb is heavily wounded.
Ijyb zaps a wand.
The bolt of lightning hits you!
Ouch! That really hurt!
It is a wand of lightning (?/15).
You closely miss Ijyb.
Ijyb is heavily wounded.
Ijyb hits you.
You hit Ijyb but do no damage.
Ijyb is heavily wounded.
Your magical infusion is running out.
Ijyb misses you.
You closely miss Ijyb.
Ijyb is heavily wounded.
Ijyb zaps a wand.
The bolt of lightning hits you!
You die...

... ...# ## ...#
. ...# .#
#+#..#..###
#######.#..#.....
.................
........g.....###
.....##.#@.......
$.. #.######### #
#.. ###


You could see Ijyb.

Vanquished Creatures
  A gnoll (D:1)
  2 adders (D:2)
  A worm (D:2)
  3 leopard geckos
  A ball python (D:2)
  A giant cockroach (D:1)
  3 goblins (D:1)
  11 hobgoblins
  7 jackals (D:2)
  3 kobolds (D:2)
  2 bats
  A frilled lizard (D:2)
  3 rats
39 creatures vanquished.

Notes
Turn   | Place    | Note
-------+----------+-------------------------------------------
     0 | D:1      | vishdafish the Demonspawn Skald began the quest for the Orb.
     0 | D:1      | Reached XP level 1. HP: 16/16 MP: 3/3
    70 | D:1      | Reached skill level 3 in Charms
    70 | D:1      | Gained mutation: Your movements are slightly less encumbered by armour. (ER -2) [demonic ancestry]
    70 | D:1      | Reached XP level 2. HP: 2/22 MP: 0/5
    79 | D:1      | HP: 1/22 [bat (1)]
   424 | D:1      | Reached skill level 1 in Armour
   884 | D:2      | Reached XP level 3. HP: 27/27 MP: 3/6
  1982 | D:3      | Noticed Ijyb
  2005 | D:2      | Reached XP level 4. HP: 15/34 MP: 0/7
  2295 | D:3      | Killed from afar by Ijyb

Vault maps used:
D:1:      dpeg_arrival_connections
D:2:      minmay_wonky_spiral, first_bread
D:3:      chequers_ecumenical_altar_simple_redux,
          nicolae_dithmenos_through_a_glass_darkly, uniq_ijyb, uniq_natasha,
          uniq_jessica

Skill      XL: |  1  2 |
---------------+-------+-----
Charms         | 3 |  3.1
Armour         | 1 |  1.0
Polearms       | 2 |  2.7
Dodging        | 2 |  2.3
Fighting       | |  2.5
Spellcasting   | |  2.2

Action                   |  1- 3 |  4- 6 || total
-------------------------+-------+-------++-------
Melee: Spear             |   129 |    15 ||   144
 Cast: Infusion          |    21 |     1 ||    22
 Stab: Sleeping          |     1 |       ||     1
  Eat: Chunk             |     3 |       ||     3
       Fruit             |       |     1 ||     1
Armor: Leather armour    |    23 |     1 ||    24
Dodge: Dodged            |    68 |     8 ||    76

Table legend:
 A = Spawn XP
 B = Non-spawn XP
 C = Spawn XP percentage of total XP
 D = Spawn monster count
 E = Non-spawn monster count
 F = Spawn count percentage of total count
 G = Total turns spent on level
                    A         B        C        D         E        F      G
               +---------+---------+-------+---------+---------+-------+---------
         Total |       0 |     113 |   0.0 |       0 |      39 |   0.0 |  2295
               +---------+---------+-------+---------+---------+-------+---------
           D:1 |       0 |      39 |   0.0 |       0 |      13 |   0.0 |   877
           D:2 |       0 |      74 |   0.0 |       0 |      26 |   0.0 |  1400
               +---------+---------+-------+---------+---------+-------+---------
